 Dungeon Crawl Stone Soup version 0.18-a0-1574-g3f9d221 (webtiles) character file.

4533 Banto the Grappler (level 10, -7/85 HPs)
             Began as a Troll Arcane Marksman on Mar 16, 2016.
             Was a Priest of Qazlal.
             Mangled by a killer bee (9 damage)
             ... on level 9 of the Dungeon.
             The game lasted 00:11:40 (6081 turns).

Banto the Grappler (Troll Arcane Marksman)          Turns: 6081, Time: 00:11:40

Health: -7/85      AC:  9    Str: 21    XL:     10   Next: 17%
Magic:  10/10      EV: 10    Int:  9    God:    Qazlal [***...]
Gold:   192        SH: 18    Dex: 20    Spells: 0 memorised, 11 levels left

rFire  . . .     SeeInvis .     b - +1 blowgun
rCold  . . .     Gourm    +     z - +2 robe {Archmagi}
rNeg   . . .     Faith    .     m - +2 shield
rPois  .         Spirit   .     (helmet restricted)
rElec  .         Dismiss  .     y - +1 cloak
rCorr  .         Reflect  .     (gloves unavailable)
SustAt .         Harm     .     (boots unavailable)
MR     .....                    (no amulet)
Stlth  +.........               B - +4 ring of dexterity
                                E - +4 ring of dexterity

@: lethally poisoned (-7 -> -15), not resistant to hostile enchantments, very
unstealthy
A: unfitting armour, claws 3, fast metabolism 3, gourmand, regeneration 2,
shaggy fur 1, tough skin 2
a: Upheaval, Elemental Force, Renounce Religion


You were on level 9 of the Dungeon.
You worshipped Qazlal.
Qazlal was most pleased with you.
You were very full.

You visited 2 branches of the dungeon, and saw 10 of its levels.

You collected 317 gold pieces.
You spent 125 gold pieces at shops.

Inventory:

Hand Weapons
 b - a +1 blowgun (weapon)
Missiles
 c - 9 large rocks
 d - 2 throwing nets
 h - 56 poisoned needles (quivered)
 A - 8 curare-tipped needles
Armour
 m - a +2 shield (worn)
 y - a +1 cloak (worn)
 z - a +2 robe of the Archmagi (worn)
Jewellery
 g - an uncursed ring of ice
 x - an uncursed ring of fire
 B - a +4 ring of dexterity (right claw)
 E - a +4 ring of dexterity (left claw)
Wands
 s - a wand of polymorph (4/24)
 F - a wand of paralysis (12/24)
Scrolls
 i - a scroll of recharging
 j - a scroll of enchant armour
 k - 2 scrolls of teleportation
 n - 4 scrolls of remove curse
 D - 3 scrolls of magic mapping
 H - a scroll of identify
Potions
 a - 2 potions of heal wounds
 e - 3 potions of curing
 p - a potion of lignification
 q - 2 potions of haste
 u - 2 potions of agility
 v - a potion of invisibility
 w - a potion of might
 G - a potion of ambrosia {unknown}
Comestibles
 f - 3 bread rations
 l - a royal jelly
 o - 4 beef jerkies
 r - 3 meat rations
 t - 4 slices of pizza


   Skills:
 - Level 1.4 Fighting
 - Level 2.2 Throwing
 - Level 1.5 Dodging
 + Level 8.1 Shields
 * Level 10.9 Unarmed Combat
 - Level 1.0 Spellcasting
   Level 2.0 Hexes


You had 11 spell levels left.
You didn't know any spells.

Dungeon Overview and Level Annotations

Branches:
Dungeon (9/15)             Temple (1/1) D:4            Lair (0/8) D:8
    Orc: D:9-12

Altars:
Ashenzari
Cheibriados
Dithmenos
Elyvilon
Fedhas
Gozag
Kikubaaqudgha
Makhleb
Nemelex Xobeh
Pakellas
Qazlal
Ru
Sif Muna
Trog
Vehumet
Xom
Yredelemnul
Zin
The Shining One

Shops:
D:4 ?   D:5 }   D:6 (   D:7 ?   D:9 }


Innate Abilities, Weirdness & Mutations

You are too large for most types of armour.
You have claws for hands.
Your metabolism is lightning-fast.
You like to eat raw meat.
You heal very quickly.
You are covered in fur (AC +1).
You have very tough skin (AC +2).


Message History

* * * LOW HITPOINT WARNING * * *
The killer bee stings you.
* * * LOW HITPOINT WARNING * * *
The killer bee stings you.
* * * LOW HITPOINT WARNING * * *
Unknown command.
Firing (i - inventory. (,) - cycle):
h - 57 poisoned needles (quivered)
Press: ? - help, Shift-Dir - straight line, f/p - killer bee
Aim: a killer bee You shoot a poisoned needle.
The poisoned needle hits the killer bee!
The killer bee is poisoned.
* * * LOW HITPOINT WARNING * * *
You feel sick. The killer bee stings you.
* * * LOW HITPOINT WARNING * * *
You block the killer bee's attack. The killer bee stings you.
* * * LOW HITPOINT WARNING * * *
The killer bee barely misses you. You block the killer bee's attack.
The killer bee misses you. The killer bee stings you!
You die...

.....<..(....##########
...)....................
..........(.............
........................
............(...........
........................
...........⌠.⌠(().......
........(...∩.†y§y......
.........(.⌠.⌠(y@.......
...............y.§......
..........)............
......................
.....................
....................
...................
...............


You could see 4 killer bees.

Vanquished Creatures
  Maurice (D:8)
  A water moccasin (D:8)
  Duvessa (D:4)
  2 orc warriors
  A phantom (D:6)
  A black bear (D:9)
  3 ice beasts
  2 centaurs (D:8)
  4 ogres
  A crocodile (D:8)
  A big kobold (D:5)
  5 giant frogs
  Dowan (D:4)
  13 killer bees
  9 wights
  A howler monkey (D:4)
  A giant frog zombie (D:5)
  A quasit (D:8)
  A gnoll shaman (D:6)
  5 hounds
  2 jellies
  8 orc priests
  2 centaur skeletons
  6 orc wizards
  A giant frog skeleton (D:5)
  An iguana (D:4)
  5 worker ants
  4 hound skeletons
  16 adders
  7 gnolls
  2 shadow imps
  An ooze (D:4)
  An adder zombie (D:5)
  2 worms
  A dart slug (D:1)
  5 giant geckos
  25 orcs
  3 ball pythons (D:1)
  11 bats
  5 giant cockroaches
  7 goblins
  5 hobgoblins
  8 jackals
  5 quokkas
  6 giant newts
  22 kobolds
  11 rats
  5 plants (D:5)
232 creatures vanquished.

Notes
Turn   | Place    | Note
--------------------------------------------------------------
     0 | D:1      | Banto the Troll Arcane Marksman began the quest for the Orb.
     0 | D:1      | Reached XP level 1. HP: 18/18 MP: 1/1
   151 | D:1      | Reached skill level 1 in Unarmed Combat
   151 | D:1      | Reached XP level 2. HP: 21/26 MP: 2/2
   179 | D:1      | Reached skill level 1 in Fighting
   526 | D:1      | Reached XP level 3. HP: 33/33 MP: 3/3
   852 | D:2      | Found an opulent altar of Gozag.
   888 | D:2      | Reached skill level 2 in Unarmed Combat
   891 | D:2      | Reached skill level 1 in Shields
  1049 | D:2      | Reached XP level 4. HP: 39/41 MP: 4/4
  1663 | D:3      | Found a sacrificial altar of Ru.
  1709 | D:3      | Reached skill level 3 in Unarmed Combat
  1826 | D:3      | Reached XP level 5. HP: 35/48 MP: 5/5
  1938 | D:4      | Found Gurhohorph's Magic Scroll Boutique.
  1942 | D:4      | Noticed an ogre
  1944 | D:4      | Found a staircase to the Ecumenical Temple.
  1973 | D:4      | Killed an ogre
  1981 | D:4      | Reached skill level 4 in Unarmed Combat
  1981 | D:4      | Reached XP level 6. HP: 34/55 MP: 6/6
  2041 | D:4      | Bought a scroll of identify for 24 gold pieces
  2041 | D:4      | Bought a scroll of identify for 24 gold pieces
  2138 | D:4      | Found a shimmering altar of Xom.
  2237 | D:4      | Reached skill level 5 in Unarmed Combat
  2237 | D:4      | Reached XP level 7. HP: 28/62 MP: 7/7
  2425 | D:4      | Noticed Dowan
  2427 | D:4      | Noticed Duvessa
  2439 | D:4      | Killed Duvessa
  2442 | D:4      | Killed Dowan
  2537 | Temple   | Entered the Ecumenical Temple
  2592 | Temple   | Became a worshipper of Qazlal Stormbringer
  2838 | D:5      | Entered Level 5 of the Dungeon
  2838 | D:5      | Found a shattered altar of Ashenzari.
  2889 | D:5      | Found Othrunwur's Gadget Shoppe.
  2990 | D:5      | Found an ancient bone altar of Kikubaaqudgha.
  3005 | D:5      | Reached skill level 6 in Unarmed Combat
  3139 | D:5      | Reached * piety under Qazlal
  3517 | D:6      | Reached XP level 8. HP: 51/70 MP: 8/8
  3523 | D:6      | Reached skill level 5 in Shields
  3661 | D:6      | Reached skill level 7 in Unarmed Combat
  3778 | D:6      | Reached ** piety under Qazlal
  4011 | D:6      | Found Keupteh's Antique Weapon Shoppe.
  4037 | D:6      | Reached skill level 8 in Unarmed Combat
  4304 | D:7      | Reached XP level 9. HP: 76/76 MP: 9/9
  4530 | D:7      | Found Saply's Magic Scroll Shop.
  4538 | D:7      | Bought a scroll of identify for 28 gold pieces
  4538 | D:7      | Bought a scroll of magic mapping for 49 gold pieces
  4859 | D:7      | Found a basalt altar of Yredelemnul.
  5284 | D:8      | Found a staircase to the Lair.
  5325 | D:8      | Reached skill level 9 in Unarmed Combat
  5362 | D:8      | Noticed Maurice
  5366 | D:8      | Killed Maurice
  5415 | D:8      | Reached *** piety under Qazlal
  5489 | D:8      | Reached skill level 10 in Unarmed Combat
  5888 | D:8      | Reached XP level 10. HP: 85/85 MP: 10/10
  5924 | D:8      | Found a glowing golden altar of the Shining One.
  6012 | D:9      | Found Getuh's Gadget Shop.
  6081 | D:9      | HP: 2/85 [killer bee (3)]
  6081 | D:9      | Mangled by a killer bee

Vault maps used:
D:1:      dpeg_arrival_central, hex_intersection, minivault_5
D:2:      overflow_temple_1_default
D:3:      overflow_temple_1_default, corexii_shack,
          hangedman_abyss_or_decor_stabs, minmay_cut_off
D:4:      xom_teletrap_fun, minmay_temple_entry_mist, serial_shops, shop,
          uniq_duvessa
D:5:      kennysheep_kobold_camp, ashenzari_altar_1, kiku_gazebo_pond_becter,
          lemuel_round_altar, first_bread, serial_shops, shop, uniq_sigmund
D:6:      serial_shops, nicolae_shop_stone, kennysheep_generic_room_3
D:7:      old_standard_altar, serial_shops, nicolae_shop_crystal
D:8:      lemuel_coloured_pillars_altar, serial_glass, glass_columns_b,
          glass_columns_b, glass_columns_b, glass_columns_a, uniq_maurice
D:9:      orc_0_dummy, serial_shops, shop, shop_fountains, minmay_misc_feat_x,
          david_nohive_1
Temple:   circular_temple_12

Skill      XL: |  1  2  3  4  5  6  7  8  9 10 |
---------------+-------------------------------+-----
Throwing       | 2 |  2.2
Unarmed Combat | 1 2 3 4 5 6 8 10 | 10.9
Fighting       | 1 |  1.4
Shields        | 1 2 3 4 6 7 8 |  8.1
Dodging        | |  1.5
Spellcasting   | |  1.0
Hexes          | |  2.0

Action                   |  1- 3 |  4- 6 |  7- 9 | 10-12 || total
-------------------------+-------+-------+-------+-------++-------
Melee: Unarmed           |   163 |    96 |   516 |    44 ||   819
 Fire: Blowgun           |       |    21 |    13 |    15 ||    49
Throw: Large rock        |       |       |     1 |       ||     1
  Use: Scroll            |       |    16 |     3 |       ||    19
 Stab: Sleeping          |     1 |     1 |       |       ||     2
  Eat: Chunk             |    15 |    11 |    34 |     1 ||    61
